 Dungeon Crawl Stone Soup version 0.31-a0-845-g9abc20d24f (webtiles) character file.

Game seed: 5842722246284964531

119 Elsrick the Covert (level 4, -1/23 HPs)
             Began as a Spriggan Delver on Oct 2, 2023.
             Slain by an orc priest
             ... wielding a +0 whip
              (4 damage)
             ... on level 3 of the Dungeon.
             The game lasted 00:07:31 (2279 turns).

Elsrick the Covert (Spriggan Delver)                Turns: 2279, Time: 00:07:31

Health: -1/23      AC:  2    Str:  8    XL:     4   Next: 73%
Magic:  5/5        EV: 18    Int: 11    God:
Gold:   129        SH:  0    Dex: 18    Spells: 3/3 levels left

rFire   . . .        a - +0 short sword
rCold   . . .        (no shield)
rNeg    . . .        b - +0 robe
rPois   .            (helmet restricted)
rElec   .            (no cloak)
rCorr   .            (gloves unavailable)
SInv    +            (boots unavailable)
Will    .....        (no amulet)
Stlth   ++++         h - ring of see invisible
HPRegen 0.23/turn    (no ring)
MPRegen 0.09/turn

%: no passive effects
@: very quick
A: very small, no large weapons, unfitting armour, see invisible, speed 3
a: no special abilities


You were on level 3 of the Dungeon.
You visited 1 branch of the dungeon, and saw 5 of its levels.

You collected 129 gold pieces.

Inventory:

Hand Weapons
 a - a +0 short sword (weapon)
Missiles
 q - 2 poisoned darts (quivered)
Armour
 b - a +0 robe (worn)
Magical Staves
 u - a staff of conjuration
Jewellery
 h - a ring of see invisible (left hand)
Wands
 g - a wand of digging (3)
Scrolls
 c - a scroll of fog
 d - a scroll of revelation
 e - 2 scrolls of fear
 i - a scroll of immolation {unknown}
 j - 3 scrolls of teleportation {unknown}
 k - a scroll of enchant weapon {unknown}
 l - 2 scrolls of identify {unknown}
 r - a scroll of summoning {unknown}
Potions
 f - a potion of haste
 m - a potion of mutation {unknown}
 n - 2 potions of might {unknown}
 o - a potion of brilliance {unknown}
 p - a potion of curing {unknown}
 s - a potion of berserk rage {unknown}
 t - a potion of invisibility {unknown}


   Skills:
 + Level 2.8 Fighting
 + Level 3.2 Short Blades
 + Level 3.1 Dodging
 + Level 9.2 Stealth


You had 3 spell levels left.
You didn't know any spells.
Your spell library was empty.

Dungeon Overview and Level Annotations

Branches:
Dungeon (5/15)
 Temple: D:4-7

Altars:

Annotations:
D:4 Sigmund


Innate Abilities, Weirdness & Mutations

You are very small and have problems with some larger weapons.
You are too small for most types of armour.
You have supernaturally acute eyesight. (SInv)
You cover ground extremely quickly. (Speed+++)


Message History

The helpless hobgoblin fails to defend itself.
You impale the hobgoblin!!
You kill the hobgoblin!
e - 2 scrolls of fear (gained 1)
You see here a hobgoblin corpse.
You now have 129 gold pieces (gained 7).
A goblin comes into view. It is wielding a +0 dagger.
The helpless goblin fails to defend itself.
You impale the goblin!!
You kill the goblin!
Found a stone staircase leading up.
The orc shouts!
The orc priest shouts!
The orc shouts!
You closely miss the orc. You hit the orc but do no damage.
The orc barely misses you.
The orc priest invokes the aid of Beogh against you.
Beogh smites you!
Ouch! That really hurt!
You hit the orc.
The orc is severely wounded.
The orc hits you but does no damage.
You closely miss the orc.
The orc is severely wounded.
The orc barely misses you. The orc completely misses you.
The orc priest closely misses you.
You hit the orc priest but do no damage.
You hit the orc priest. You punch the orc priest.
The orc priest is lightly wounded.
The orc misses you. The orc hits you with a +0 flail.
* * * LOW HITPOINT WARNING * * *
The orc priest hits you with a +0 whip.
* * * LOW HITPOINT WARNING * * *
You hit the orc priest.
The orc priest is moderately wounded.
The orc barely misses you. The orc closely misses you.
The orc priest completely misses you.
You hit the orc priest.
The orc priest is moderately wounded.
The orc misses you. The orc closely misses you.
The orc priest hits you with a +0 whip.
You die...

#.##.#.# #..###........#.####
#. #.#.# #<......############
#.##.#>#####...##.## #.#.#..#
#........##.....#.# ####.#....
#..#.#.#.###...##.# #.#.....#.
#..#.#............#####.......#
#....########..#####†#.....###.
#....# #o.# ##....####.# ####)#
#o@# ###### ### #.#
#..o......#. ###.###
#.....#######. #.....# #.......
##.# ##...#.##.........
###...######
#.......+.........+............
##...#.##.........# ##.....####
#..##.###.......## ##.##.# #..
#.# .... # #.#


You could see an orc priest and 2 orcs.

Vanquished Creatures
  4 adders
  A worm (D:2)
  3 dart slugs
  An orc (D:5)
  10 endoplasms
  3 giant cockroaches
  8 goblins
  7 hobgoblins
  2 jackals (D:2)
  3 kobolds
  5 quokkas
  8 ball pythons
  3 bats
  2 frilled lizards
  4 rats (D:1)
64 creatures vanquished.

Notes
Turn   | Place    | Note
-------+----------+-------------------------------------------
     0 | D:5      | Elsrick the Spriggan Delver began the quest for the Orb.
     0 | D:5      | Reached XP level 1. HP: 11/11 MP: 2/2
    13 | D:5      | Noticed a black bear
    60 | D:5      | Reached XP level 2. HP: 16/16 MP: 3/3
   206 | D:5      | Noticed a phantom
   209 | D:4      | Noticed Sigmund
   324 | D:3      | Reached skill level 8 in Stealth
   649 | D:1      | Reached XP level 3. HP: 14/19 MP: 4/4
  1491 | D:2      | Reached XP level 4. HP: 13/23 MP: 5/5
  1664 | D:2      | Reached skill level 9 in Stealth
  1820 | D:2      | Found the +3 giant club "Skullcrusher" {speed, Str+7}
  2279 | D:3      | Slain by an orc priest

Illustrated notes

Levels and vault maps discovered:
D:1:      dpeg_arrival_windows_large_door, layout_basic
D:2:      layout_basic
D:3:      wad_crossroads, layout_loops_corners, grunt_decor_cap
D:4:      layout_loops_corners, temple_green, serial_shops, shop, uniq_menkaure,
          uniq_sigmund
D:5:      layout_loops_ring, amcnicky_altar_gilded, kennysheep_orc_sif_temple

Skill      XL: |  1  2  3  4 |
---------------+-------------+-----
Stealth        | 8 9 |  9.2
Dodging        | 3 |  3.1
Short Blades   | 3 |  3.2
Fighting       | |  2.8

Action                     |  1- 3 |  4- 6 || total
---------------------------+-------+-------++-------
  Melee: Short sword       |   132 |    86 ||   218
         Punch             |       |     1 ||     1
  Throw: Throwing net      |       |     1 ||     1
   Stab: Sleeping          |    16 |     8 ||    24
         Distracted        |     1 |       ||     1
 Armour: Robe              |    25 |    22 ||    47
  Dodge: Dodged            |    89 |    54 ||   143

Table legend: (Time is in decaauts)
 A = Elapsed time spent in this place.
 B = Non-inter-level travel time spent in this place.
 C = Inter-level travel time spent in this place.
 D = Time resting spent in this place.
 E = Time spent auto-exploring this place.
 F = Levels seen in this place.
 G = Mean time per level.
                   A        B        C        D        E       F      G
               +--------+--------+--------+--------+--------+-----+--------+
         Total |   1597 |   1550 |     47 |    315 |    580 |   5 |  319.4 |
       Dungeon |   1597 |   1550 |     47 |    315 |    580 |   5 |  319.4 |
               +--------+--------+--------+--------+--------+-----+--------+

Top non-repeatable levels by time:
     D:1: 687 daAuts
     D:2: 420 daAuts
     D:3: 303 daAuts
     D:5: 169 daAuts
     D:4: 16 daAuts
